 Dungeon Crawl Stone Soup version 0.17-a0-1927-g319369b (webtiles) character file.

525677 Kusio the Shatterer (level 25, -2/255 HPs)
             Began as an Ogre Berserker on Sept 29, 2015.
             Was a High Priest of Trog.
             Blown up by an eye of devastation (36 damage)
             ... with a bolt of energy
             ... on level 5 of the Pits of Slime.
             The game lasted 07:17:21 (60070 turns).

Kusio the Shatterer (Ogre Berserker)               Turns: 60070, Time: 07:17:21

Health: -2/255     AC: -13   Str: 26    XL:     25   Next: 45%
Magic:  30/30      EV: 17    Int:  9    God:    Trog [*****.]
Gold:   4224       SH: 23    Dex: 15    Spells: 0 memorised, 24 levels left

rFire  + + +     SeeInvis .     Q - +10 eveningstar of Quskiag {speed, rF- rC+++ rN+++ Int+4}
rCold  + + +     Rnd*Rage +     w - +6 fire dragon armour
rNeg   + + +     SustAt   .     y - +2 large shield {rC+}
rPois  +         Gourm    .     d - +0 hat of Proximity {rF+ MR+}
rElec  +         Spirit   .     S - +1 ratskin cloak {rPois rN+ Int-1 Dex-1}
rCorr  .         Warding  .     (gloves unavailable)
rMut   +         Stasis   .     (boots unavailable)
MR     ++++.                    L - amulet of resist mutation
Stlth  ..........               R - ring "Yfirefat" {rElec MR+ Str-4 Slay+4}
                                T - ring "Joanano" {Wiz rF+ rC+}

@: corroded equipment, incredibly resistant to hostile enchantments, extremely
unstealthy
A: unfitting armour, berserk 1, frail 1, low mp 1, spit poison 1, tough skin 1
a: Spit Poison, Burn Spellbooks, Berserk, Trog's Hand, Brothers in Arms,
Renounce Religion
}: 3/15 runes: serpentine, barnacled, silver


You were on level 5 of the Pits of Slime.
You worshipped Trog.
Trog was extremely pleased with you.
You were not hungry.

You visited 10 branches of the dungeon, and saw 52 of its levels.
You also visited: Labyrinth and Sewer.

You collected 7757 gold pieces.
You spent 3533 gold pieces at shops.

Inventory:

Hand weapons
 Q - the +10 eveningstar of Quskiag (weapon) {speed, rF- rC+++ rN+++ Int+4}
   (You took it off a deep elf high priest on level 3 of the Elven Halls)

   Attacks with this weapon are significantly faster.
   It affects your intelligence (+4).
   It makes you vulnerable to fire.
   It renders you almost immune to cold.
   It renders you almost immune to negative energy.
Missiles
 X - 59 large rocks (quivered)
Armour
 d - the +0 hat of Proximity (worn) {rF+ MR+}
   (You found it on level 1 of the Vaults)

   It protects you from fire.
   It affects your resistance to hostile enchantments.
 w - a +6 fire dragon armour (worn)
 y - a +2 large shield of cold resistance (worn)
 S - the +1 ratskin cloak (worn) {rPois rN+ Int-1 Dex-1}
   (You acquired it on level 2 of the Shoals)

   It affects your intelligence (-1).
   It affects your dexterity (-1).
   It protects you from poison.
   It protects you from negative energy.
Rods
 a - a +2 rod of clouds (12/12)
   (You took it off a deep elf demonologist on level 3 of the Elven Halls)
 C - a +2 rod of ignition (9/9)
   (You found it in a labyrinth)
Jewellery
 H - an uncursed amulet of guardian spirit
 J - an uncursed amulet of resist corrosion
 L - an amulet of resist mutation (around neck)
 R - the ring "Yfirefat" (right hand) {rElec MR+ Str-4 Slay+4}
   (You found it on level 4 of the Shoals)

   [ring of protection from magic]

   It affects your strength (-4).
   It affects your accuracy and damage with ranged weapons and melee attacks
   (+4).
   It insulates you from electricity.
   It affects your resistance to hostile enchantments.
 T - the ring "Joanano" (left hand) {Wiz rF+ rC+}
   (You took it off a deep elf demonologist on level 3 of the Elven Halls)

   [ring of wizardry]

   It improves your spell success rate.
   It protects you from fire.
   It protects you from cold.
Magical devices
 b - a wand of disintegration (12)
 e - a wand of heal wounds (5)
 I - a wand of teleportation (2)
 K - a wand of lightning (2)
 N - a wand of hasting (4)
Scrolls
 f - 5 scrolls of teleportation
 s - a scroll of fear
 v - a scroll of blinking
 A - a scroll of identify
 B - 12 scrolls of remove curse
 M - 5 scrolls of fog
 P - 2 scrolls of silence
 U - 7 scrolls of recharging
Potions
 g - a potion of cure mutation
 k - 2 potions of might
 l - 14 potions of curing
 o - a potion of resistance
 F - a potion of heal wounds
Miscellaneous
 m - a stone of tremors
 t - a fan of gales
 z - a phial of floods
 D - a box of beasts {used: 4}
 E - a lamp of fire
Comestibles
 c - 11 bread rations


   Skills:
 - Level 22.4 Fighting
 - Level 24.0 Maces & Flails
 - Level 13.5 Throwing
 + Level 14.5 Armour
 - Level 16.4 Dodging
 - Level 15.5 Shields
 + Level 14.9 Evocations


You had 24 spell levels left.
You didn't know any spells.

Dungeon Overview and Level Annotations

Branches:
Dungeon (15/15)            Temple (0/1) D:5            Lair (8/8) D:10
 Shoals (4/4) Lair:4        Snake (4/4) Lair:5        Slime (6/6) Lair:8
    Orc (4/4) D:11            Elf (3/3) Orc:4        Vaults (5/5) D:14
  Crypt (0/3) Vaults:2     Depths (2/5) D:15           Hell (1/1)
    Dis: Hell:1         Geh: Hell:1         Coc: Hell:1         Tar: Hell:1

Altars:
Dithmenos
Elyvilon
Kikubaaqudgha
Qazlal
Sif Muna
Trog
Vehumet
Yredelemnul
Zin
The Shining One
Beogh

Shops:
D:5 =   D:7 *%!*[   D:10 :   D:11 !   D:15 *   Orc:4 %=*:   Elf:2 !
Vaults:1 =?[*   Vaults:3 *   Vaults:5 }=???!%(%!!

Portals:
Hell: Depths:1 Depths:2
Abyss: Depths:2
Ziggurat: Depths:1


Innate Abilities, Weirdness & Mutations

You are too large for most types of armour.
You have tough skin (AC +1).
You tend to lose your temper in combat.
You are frail (-10% HP).
Your magical capacity is low (-10% MP).
You can spit weak poison.


Message History

Your troll is burned by acid!
Your troll dies!
Your troll's corpse disappears in a puff of smoke!
Drink which item? (? for menu, Esc to quit)
You feel much better. You block the acid blob's attack.
You block the acid blob's attack.
You hit the acid blob but do no damage.
Your hands burn!
* * * LOW HITPOINT WARNING * * *
The acid blob is severely wounded.
Use which ability?
Your iron troll goes berserk!
You feel somewhat more hungry. The acid blob spits acid at you.
The splash of acid hits you!
* * * LOW HITPOINT WARNING * * *
The acid corrodes you!
The acid burns!
* * * LOW HITPOINT WARNING * * *
The eye of devastation gazes at you. The bolt of energy hits you!
You die...

#...... ##
#........ ..
........#
#.###.......
##..........#
#..T......#
#........#
#...@...##
##.#..J....##.#
#......>.......
..#.............
#..............
..G....#.....#..
......#.........
....## ......#..
... #....##.#


You could see an acid blob, an eye of devastation and a friendly iron troll
(berserk).

Vanquished Creatures
  An ancient lich (Vaults:5)
  Sojobo (Vaults:4)
  Margery (Vaults:5)
  Vashnia (Snake:4)
  2 golden dragons (Vaults:5)
  Nikola (Snake:2)
  Jorgrun (Snake:4)
  3 tentacled monstrosities (Vaults:5)
  Rupert (D:14)
  Asterion (Snake:1)
  2 deep elf blademasters (Elf:3)
  2 deep elf master archers (Elf:3)
  3 titans (Vaults:5)
  A quicksilver dragon (Vaults:5)
  19 acid blobs
  A lich (Vaults:1)
  4 sphinxes
  Polyphemus (Shoals:3)
  Gastronok (Lair:1)
  A kraken (Shoals:1)
  An octopode crusher (Depths:2)
  Frances (D:12)
  4 shadow dragons
  2 storm dragons (Vaults:5)
  5 greater nagas (Snake:4)
  8 tengu reavers
  Roxanne (Elf:1)
  7 fire giants
  7 deep elf sorcerers
  Donald (D:14)
  16 vault wardens
  5 frost giants
  6 azure jellies
  Aizul (Elf:3)
  Louise (Shoals:3)
  2 war gargoyles (Vaults:5)
  20 ironheart preservers
  5 very ugly things
  6 stone giants
  11 deep elf demonologists
  5 deep elf annihilators
  2 vampire knights (Depths:2)
  2 salamander stormcallers
  12 deep elf death magi
  A merfolk javelineer (Shoals:4)
  2 death oozes (Slime:6)
  6 ettins
  A minotaur (Lab)
  3 fire dragons
  6 merfolk impalers
  32 vault guards
  6 yaktaur captains
  2 deep elf high priests
  12 great orbs of eyes
  3 ice dragons
  9 hydras
  14 naga warriors
  4 entropy weavers
  A rakshasa (Depths:1)
  A hell beast (Elf:1)
  8 anacondas
  A catoblepas (Shoals:3)
  An alligator snapping turtle (Shoals:4)
  3 merfolk avatars (Shoals:4)
  2 merfolk aquamancers
  21 ogre magi
  An anaconda (shapeshifter) (Vaults:5)
  3 deep troll shamans (Depths:1)
  15 dancing weapons
  A queen ant (Lair:7)
  An alligator (shapeshifter) (Vaults:5)
  7 death yaks
  7 centaur warriors
  11 naga sharpshooters
  An orc high priest (Orc:3)
  A satyr (Shoals:2)
  3 deep troll earth magi
  7 shock serpents
  Urug (Orc:3)
  4 hell knights (Vaults:5)
  19 deep elf knights
  A death drake (shapeshifter) (D:15)
  A skeletal warrior (D:14)
  A salamander mystic (Snake:4)
  14 sea snakes
  16 deep trolls
  4 shadow wraiths (Vaults:4)
  2 flayed ghosts
  4 lindwurms (D:12)
  10 deep elf summoners
  6 naga ritualists
  4 unseen horrors
  6 harpies
  An orb spider (shapeshifter) (Vaults:4)
  A wolf spider zombie (D:12)
  2 giant orange brains
  8 ironbrand convokers
  5 phantasmal warriors (Vaults:5)
  Pikel (D:8)
  3 hill giants
  14 orc knights
  17 deep elf conjurers
  A tengu zombie (Vaults:2)
  34 ugly things
  17 griffons
  An orc sorcerer (Vaults:5)
  4 oklob plants (Lair:8)
  14 manticores
  A shining eye (shapeshifter) (Elf:1)
  12 shining eyes
  An anubis guard (shapeshifter) (Elf:2)
  9 mana vipers
  A hornet (Vaults:2)
  5 cyclopes
  3 necromancers
  A stone giant zombie (Vaults:1)
  A hornet (shapeshifter) (Vaults:5)
  2 salamanders (shapeshifter)
  2 wizards
  5 water nymphs
  3 wolf spiders
  28 naga magi
  13 salamanders
  8 fauns
  4 centaur zombies
  7 eyes of devastation
  A guardian serpent (Snake:3)
  15 vault sentinels
  18 elephants
  Joseph (D:7)
  31 black mambas
  6 sirens
  22 spiny frogs
  2 molten gargoyles
  4 small abominations
  A gargoyle (D:12)
  A komodo dragon (shapeshifter) (Vaults:3)
  2 fire drakes
  2 human zombies
  An efreet (D:13)
  7 komodo dragons
  14 deep elf priests
  6 kobold demonologists
  55 yaktaurs
  23 merfolk
  A troll (shapeshifter) (Vaults:1)
  A polar bear (shapeshifter) (Vaults:3)
  4 wind drakes
  3 giant leeches (Lair:8)
  3 tengu conjurers
  3 trolls
  118 slime creatures
  8 freezing wraiths
  2 queen bees (shapeshifter)
  9 snapping turtles
  31 two-headed ogres
  A blink frog (shapeshifter) (Elf:3)
  3 boulder beetles
  12 blink frogs
  8 redbacks
  2 tarantellas (Vaults:5)
  3 wyverns
  A vampire (D:8)
  11 water elementals
  2 trapdoor spiders (Lab)
  2 wraiths
  8 golden eyes
  20 vampire mosquitoes
  6 hungry ghosts
  A fire elemental (Depths:1)
  4 fire bats (Lair:6)
  6 basilisks
  10 hippogriffs
  34 deep elf fighters
  26 deep elf magi
  66 yaks
  16 humans (D:14)
  3 shadows
  11 wargs
  2 mottled dragons
  9 wolves
  A deep troll zombie (Vaults:1)
  50 nagas
  5 soldier ants
  8 water moccasins
  7 hell hounds
  An ice beast (shapeshifter) (Vaults:3)
  3 slaves (D:8)
  3 sky beasts
  36 orc warriors
  5 porcupines
  A necrophage (D:8)
  3 black bears
  5 phantoms
  4 boggarts
  An eye of draining (shapeshifter) (Vaults:1)
  5 ice beasts
  90 ogres
  A black bear (shapeshifter) (Vaults:2)
  An orc zombie (Vaults:1)
  4 eyes of draining
  2 wasps
  8 centaurs
  12 big kobolds
  21 crocodiles
  Blork the orc (D:5)
  2 human skeletons
  33 giant frogs
  9 scorpions
  A wyvern skeleton (D:12)
  17 killer bees
  4 electric eels
  4 wights
  5 giant frog zombies
  6 crimson imps
  A giant frog skeleton (D:11)
  6 centaur skeletons
  26 orc priests
  7 hounds
  25 jellies
  3 quasits
  16 iguanas
  35 orc wizards
  38 worker ants
  A killer bee zombie (D:8)
  14 sheep
  A hound zombie (D:8)
  2 hound skeletons
  13 gnolls
  11 adders
  82 river rats
  2 shadow imps
  3 oozes
  7 worms
  189 orcs
  24 bats
  5 giant cockroaches
  28 goblins
  29 hobgoblins
  2 jackals (Sewer)
  6 quokkas
  3 ball pythons
  8 giant geckos
  A giant gecko zombie (D:5)
  3 giant newts
  A jackal zombie (D:7)
  31 kobolds
  A quokka skeleton (D:6)
  12 rats
  A bush (Lair:8)
  2 crawling corpses (Vaults:5)
  8 fungi
  17 plants
2383 creatures vanquished.

Vanquished Creatures (collateral kills)
  A titan (Vaults:4)
  An acid blob (Slime:5)
  A sphinx (Vaults:5)
  A tengu reaver (Vaults:5)
  A shadow dragon (Vaults:5)
  Ilsuiw (Shoals:4)
  3 fire giants (Vaults:4)
  Wiglaf (Elf:2)
  3 vault wardens (Vaults:5)
  2 deep elf sorcerers
  4 ironheart preservers
  A stone giant (Depths:2)
  A war gargoyle (Vaults:5)
  A very ugly thing (Vaults:5)
  4 deep elf annihilators (Elf:3)
  Azrael (Snake:3)
  2 deep elf death magi (Elf:3)
  An ettin (Depths:1)
  A naga warrior (Snake:4)
  A spriggan air mage (Depths:2)
  2 hydras
  An ogre mage (Vaults:4)
  A merfolk avatar (Shoals:4)
  A yaktaur captain (Vaults:5)
  3 dancing weapons (Elf:2)
  3 merfolk aquamancers (Shoals:4)
  A deep troll shaman (Vaults:5)
  A death yak (Shoals:3)
  7 naga sharpshooters
  A spriggan berserker (Depths:2)
  A spriggan (Depths:2)
  4 deep elf knights
  A hell knight (Vaults:5)
  12 slime creatures
  A giant orange brain (shapeshifter) (Vaults:5)
  2 deep elf summoners (Elf:3)
  A sea snake (Shoals:4)
  2 ironbrand convokers (Vaults:4)
  A mana viper (Snake:1)
  A hornet (Vaults:2)
  2 manticores (Elf:1)
  A griffon (Elf:1)
  A salamander (Snake:3)
  An eye of devastation (Lair:8)
  3 sirens (Shoals:4)
  A black mamba (Snake:1)
  A guardian serpent (Snake:3)
  2 naga magi (Snake:4)
  A spiny frog (Lair:8)
  A deep elf priest (Elf:3)
  5 merfolk (Shoals:4)
  A fire drake (Lair:8)
  2 snapping turtles (Shoals:4)
  3 deep elf magi
  2 deep elf fighters (Elf:3)
  A redback (Vaults:4)
  A water elemental (Shoals:4)
  2 fire elementals (Snake:3)
  Grum (Lair:1)
  2 vampire mosquitoes (Lair:8)
  6 nagas
  4 hell hounds (Snake:3)
  A wolf (Lair:1)
  2 boggarts (Vaults:1)
  A wasp (Depths:2)
  An eye of draining (Lair:8)
  4 centaurs (D:11)
  3 giant frogs (Lair:8)
  A killer bee (D:8)
  A jelly (Slime:3)
  2 river rats (Lair:1)
  An orc (Vaults:3)
  A giant gecko (D:11)
  3 crawling corpses (Elf:3)
144 creatures vanquished.

Vanquished Creatures (others)
  A salamander stormcaller (Vaults:5)
  An ogre mage (Vaults:2)
  A blink frog (Lair:8)
  A hippogriff (Lair:8)
  An ogre (Vaults:3)
  A shadow imp (D:8)
  11 fungi
  15 plants
  16 tentacles (Shoals:1)
  8 tentacle segments (Shoals:1)
56 creatures vanquished.

Grand Total: 2583 creatures vanquished

Notes
Turn   | Place    | Note
--------------------------------------------------------------
     0 | D:1      | Kusio the Ogre Berserker began the quest for the Orb.
     0 | D:1      | Reached XP level 1. HP: 24/24 MP: 1/1
   104 | D:1      | You fall through a shaft!
   345 | D:1      | Reached XP level 2. HP: 21/32 MP: 2/2
   474 | D:1      | Reached skill level 5 in Maces & Flails
   807 | D:1      | Reached XP level 3. HP: 39/39 MP: 3/3
   823 | D:2      | Acquired Trog's second power
  1288 | D:2      | Reached skill level 6 in Maces & Flails
  1480 | D:2      | Reached XP level 4. HP: 48/48 MP: 4/4
  1913 | D:2      | Found a glowing silver altar of Zin.
  1914 | D:2      | Noticed an angel
  2202 | D:3      | Found a shadowy altar of Dithmenos.
  2206 | D:3      | Reached skill level 7 in Maces & Flails
  2286 | D:3      | Found a stormy altar of Qazlal.
  2302 | D:3      | Found a basalt altar of Yredelemnul.
  2316 | D:3      | Found a white marble altar of Elyvilon.
  2436 | D:3      | Reached XP level 5. HP: 42/54 MP: 5/5
  2858 | D:4      | Reached skill level 8 in Maces & Flails
  3123 | D:4      | Reached XP level 6. HP: 56/62 MP: 6/6
  3226 | D:4      | Noticed an ogre
  3236 | D:4      | Killed an ogre
  3236 | D:4      | Reached skill level 9 in Maces & Flails
  3426 | D:4      | Reached skill level 10 in Maces & Flails
  3426 | D:4      | Reached XP level 7. HP: 58/70 MP: 7/7
  3789 | D:4      | Acquired Trog's third power
  3934 | D:4      | Reached skill level 11 in Maces & Flails
  4479 | D:5      | Entered Level 5 of the Dungeon
  4544 | D:5      | Noticed Blork the orc
  4547 | D:5      | Killed Blork the orc
  4547 | D:5      | Reached XP level 8. HP: 78/78 MP: 8/8
  4615 | D:5      | Reached skill level 12 in Maces & Flails
  4822 | D:5      | Found Iradybbisme's Jewellery Boutique.
  5008 | D:5      | Found a staircase to the Ecumenical Temple.
  5397 | D:6      | Reached skill level 13 in Maces & Flails
  5411 | D:6      | Found an ancient bone altar of Kikubaaqudgha.
  5471 | D:6      | Found a glowing drain.
  5491 | Sewer    | Entered a sewer
  5495 | Sewer    | Received a gift from Trog
  5496 | Sewer    | Got a faintly glowing giant spiked club {god gift}
  5512 | Sewer    | Identified the +3 giant spiked club of Cefeopal {antimagic, rElec Str+5} (Trog gifted it to you in a sewer)
  5606 | Sewer    | Reached skill level 1 in Throwing
  5780 | Sewer    | Found a glowing silver altar of Zin.
  5874 | D:6      | Found a bloodstained altar of Trog.
  5882 | D:6      | Reached skill level 5 in Fighting
  6376 | D:6      | Found a glowing golden altar of the Shining One.
  6420 | D:6      | Reached XP level 9. HP: 86/89 MP: 9/9
  7179 | D:7      | Noticed Joseph
  7194 | D:7      | Killed Joseph
  7194 | D:7      | Reached skill level 5 in Throwing
  7426 | D:7      | Found Dihife's Assorted Antiques.
  7505 | D:7      | Bought a shiny troll leather armour for 420 gold pieces
  7554 | D:7      | Found Plog's Food Shoppe.
  7583 | D:7      | Found Tobiwn's Distillery.
  7598 | D:7      | Bought a potion of poison for 12 gold pieces
  7757 | D:7      | Found a deep blue altar of Sif Muna.
  7791 | D:7      | Found Dytt's General Store.
  7797 | D:7      | Bought a scroll of identify for 20 gold pieces
  7883 | D:7      | Found Leptin Vihe's Armour Shoppe.
  8093 | D:8      | Received a gift from Trog
  8107 | D:8      | Reached XP level 10. HP: 78/107 MP: 7/10
  8269 | D:8      | Reached skill level 14 in Maces & Flails
  8401 | D:8      | Noticed Pikel
  8422 | D:8      | Killed Pikel
  8422 | D:8      | Reached skill level 10 in Fighting
  8572 | D:8      | Noticed a manticore
  8639 | D:8      | Killed a manticore
  8843 | D:8      | Received a gift from Trog
  9041 | D:8      | Reached skill level 15 in Maces & Flails
  9309 | D:9      | Received a gift from Trog
  9548 | D:9      | Reached XP level 11. HP: 117/117 MP: 11/11
  9806 | D:10     | Entered Level 10 of the Dungeon
  9914 | D:10     | Found Noevax's Book Shoppe.
 10142 | D:10     | Received a gift from Trog
 10337 | D:10     | Found a staircase to the Lair.
 10419 | D:10     | Reached skill level 10 in Throwing
 10785 | D:11     | Received a gift from Trog
 10858 | D:11     | HP: 6/175 [cyan ugly thing (13)]
 10950 | D:10     | Reached skill level 16 in Maces & Flails
 10959 | D:10     | Received a gift from Trog
 11055 | D:11     | Noticed a four-headed hydra
 11072 | D:11     | Killed a four-headed hydra
 11333 | D:11     | Found Jiudug's Distillery.
 11339 | D:11     | Bought a potion of agility for 68 gold pieces
 11339 | D:11     | Bought a potion of degeneration for 17 gold pieces
 11339 | D:11     | Bought a potion of lignification for 51 gold pieces
 11342 | D:11     | Found a staircase to the Orcish Mines.
 11815 | D:12     | Noticed a centaur warrior
 11913 | D:12     | Reached skill level 17 in Maces & Flails
 12008 | D:12     | Killed a centaur warrior
 12008 | D:12     | Reached XP level 12. HP: 88/126 MP: 8/12
 12389 | D:12     | Noticed a lindwurm
 12390 | D:12     | Noticed a lindwurm
 12395 | D:12     | Noticed a lindwurm
 12453 | D:12     | Noticed a lindwurm
 12465 | D:12     | Killed a lindwurm
 12465 | D:12     | Reached skill level 18 in Maces & Flails
 12481 | D:12     | Killed a lindwurm
 12492 | D:12     | Killed a lindwurm
 12593 | D:12     | Killed a lindwurm
 12593 | D:12     | Reached skill level 5 in Dodging
 12849 | D:12     | Received a gift from Trog
 12864 | D:12     | Noticed Frances
 12878 | D:12     | Killed Frances
 12878 | D:12     | Reached skill level 19 in Maces & Flails
 13144 | D:13     | Received a gift from Trog
 13358 | Lair:1   | Entered Level 1 of the Lair of Beasts
 13362 | Lair:1   | Reached XP level 13. HP: 133/133 MP: 4/13
 13638 | Lair:1   | Reached skill level 20 in Maces & Flails
 13721 | Lair:1   | Noticed Grum
 13735 | Lair:1   | Killed Grum
 13937 | Lair:1   | Noticed Gastronok
 13951 | Lair:1   | Killed Gastronok
 15049 | Lair:3   | Received a gift from Trog
 15136 | Lair:3   | Reached skill level 21 in Maces & Flails
 15808 | Lair:4   | Received a gift from Trog
 16314 | Lair:4   | Got a sheer robe
 16325 | Lair:4   | Identified the +1 robe "Toqopun" {*Confuse rF++} (You found it on level 4 of the Lair of Beasts)
 16409 | Lair:4   | Found a staircase to the Shoals.
 16633 | Lair:5   | Found a staircase to the Snake Pit.
 16944 | Lair:5   | Reached XP level 14. HP: 143/143 MP: 4/14
 17287 | Lair:5   | Received a gift from Trog
 17313 | Lair:5   | Reached skill level 22 in Maces & Flails
 17557 | Lair:6   | Received a gift from Trog
 17900 | Lair:6   | Received a gift from Trog
 18625 | Lair:7   | Received a gift from Trog
 18999 | Lair:7   | Reached skill level 23 in Maces & Flails
 19290 | Lair:8   | Entered Level 8 of the Lair of Beasts
 19353 | Lair:8   | Found a labyrinth entrance.
 19374 | Lab      | Entered a labyrinth
 19617 | Lab      | Reached skill level 10 in Dodging
 19976 | Lab      | Got a crude lapis lazuli ring
 19978 | Lab      | Identified the ring "Rynnoah" {rF- rC+ rN+ Str+9 Dex-2} (You found it in a labyrinth)
 19984 | Lab      | Identified a +2 rod of ignition (9/9) (You found it in a labyrinth)
 19985 | Lab      | Identified a +8 rod of shadows (10/10) (You found it in a labyrinth)
 20012 | Lair:8   | Received a gift from Trog
 20091 | Lair:8   | Reached XP level 15. HP: 76/149 MP: 5/15
 20312 | Lair:8   | Reached skill level 1 in Armour
 20477 | Lair:8   | Found a staircase to the Slime Pits.
 20502 | Slime:1  | Entered Level 1 of the Pits of Slime
 20958 | Lair:8   | Reached skill level 24 in Maces & Flails
 21542 | Orc:1    | Entered Level 1 of the Orcish Mines
 21717 | Orc:1    | Received a gift from Trog
 21873 | Orc:1    | Received a gift from Trog
 22218 | Orc:2    | Found a roughly hewn altar of Beogh.
 22293 | Orc:2    | Received a gift from Trog
 22633 | Orc:3    | Noticed Urug
 22644 | Orc:3    | Killed Urug
 23103 | Orc:3    | Received a gift from Trog
 23240 | Orc:4    | Entered Level 4 of the Orcish Mines
 23565 | Orc:4    | Found Ebiur's Jewellery Shop.
 23565 | Orc:4    | Found Ilaro's Book Shoppe.
 23581 | Orc:4    | Found Hoeliati's General Store.
 23581 | Orc:4    | Found Fohuotoa's Food Emporium.
 23597 | Orc:4    | Bought a cursed -3 ring of slaying for 30 gold pieces
 23599 | Orc:4    | Bought a potion of ambrosia for 96 gold pieces
 23599 | Orc:4    | Bought a scroll of magic mapping for 42 gold pieces
 23599 | Orc:4    | Bought a scroll of identify for 24 gold pieces
 23717 | Orc:4    | Found a staircase to the Elven Halls.
 23730 | Elf:1    | Entered Level 1 of the Elven Halls
 23730 | Elf:1    | Noticed Roxanne
 23739 | Elf:1    | Killed Roxanne
 23741 | Elf:1    | Identified Roxanne's Papyrus of the Unstable Rocks (You took it off Roxanne on level 1 of the Elven Halls)
 23801 | Orc:4    | Received a gift from Trog
 24741 | D:5      | Bought an uncursed ring of poison resistance for 200 gold pieces
 25104 | Snake:1  | Entered Level 1 of the Snake Pit
 25392 | Snake:1  | Reached skill level 5 in Armour
 25533 | Snake:1  | Received a gift from Trog
 25733 | Snake:1  | Noticed Asterion
 25750 | Snake:1  | Killed Asterion
 25750 | Snake:1  | Reached XP level 16. HP: 89/171 MP: 9/16
 26103 | Snake:1  | Received a gift from Trog
 26109 | Snake:1  | Got a slimy giant spiked club {god gift}
 26286 | Snake:1  | Identified the +7 giant spiked club of Daenaco {venom, *Confuse Str+3 SInv} (Trog gifted it to you on level 1 of the Snake Pit)
 26603 | Snake:2  | Noticed Nikola
 26617 | Snake:2  | Killed Nikola
 26657 | Snake:2  | Reached skill level 15 in Fighting
 27301 | Snake:4  | Entered Level 4 of the Snake Pit
 27506 | Snake:3  | Received a gift from Trog
 27518 | Snake:3  | Noticed Azrael
 27533 | Snake:3  | Killed Azrael
 28068 | Snake:4  | Noticed Jorgrun
 28087 | Snake:4  | Killed Jorgrun
 28476 | Snake:4  | Reached XP level 17. HP: 118/192 MP: 10/17
 28730 | Snake:4  | Received a gift from Trog
 28927 | Snake:4  | Received a gift from Trog
 28927 | Snake:4  | Reached skill level 1 in Evocations
 29097 | Snake:4  | Noticed Vashnia
 29853 | Snake:4  | Killed Vashnia
 30175 | Snake:4  | Received a gift from Trog
 30557 | Snake:4  | Reached skill level 5 in Evocations
 30599 | Snake:4  | Got a serpentine rune of Zot
 30970 | D:10     | Received a gift from Trog
 31397 | Elf:1    | Reached skill level 10 in Armour
 31418 | Elf:1    | Gained mutation: Potions and wands are less effective at restoring your health. [a shining eye]
 31695 | Elf:1    | Received a gift from Trog
 31705 | Elf:1    | Reached XP level 18. HP: 179/205 MP: 20/22
 31994 | Elf:1    | Noticed a sphinx
 31999 | Elf:1    | Killed a sphinx
 32003 | Elf:1    | Received a gift from Trog
 32026 | Elf:1    | Noticed a sphinx
 32041 | Elf:1    | Killed a sphinx
 32046 | Elf:1    | Received a gift from Trog
 32071 | Elf:1    | Got an ichor-stained dire flail {god gift}
 32072 | Elf:1    | Identified the +3 dire flail "Heohuac" {crush, *Noise +Blink rElec SInv} (Trog gifted it to you on level 1 of the Elven Halls)
 32635 | Elf:3    | Entered Level 3 of the Elven Halls
 32645 | Elf:2    | Found a runed gate.
 32646 | Elf:2    | Found a runed gate.
 32648 | Elf:2    | Found a runed gate.
 33185 | Elf:2    | Found Zeowixt's Distillery.
 33195 | Elf:2    | Bought a potion of mutation for 35 gold pieces
 33195 | Elf:2    | Gained mutation: Your natural rate of healing is unusually fast. [potion of mutation]
 33195 | Elf:2    | Gained mutation: You occasionally shout uncontrollably at your foes. [potion of mutation]
 33195 | Elf:2    | Gained mutation: You expend magic power (3 MP) to strengthen your wands. [potion of mutation]
 33437 | Elf:2    | Noticed Wiglaf
 33475 | Elf:2    | Killed Wiglaf
 34123 | Elf:2    | Received a gift from Trog
 34292 | Elf:3    | Noticed a Brimstone Fiend
 34589 | Elf:3    | Reached XP level 19. HP: 179/221 MP: 24/26
 34609 | Elf:3    | Got an ancient eveningstar {speed}
 34611 | Elf:3    | Identified the +10 eveningstar of Quskiag {speed, rF- rC+++ rN+++ Int+4} (You took it off a deep elf high priest on level 3 of the Elven Halls)
 34754 | Elf:3    | Got a bound lapis lazuli ring
 34756 | Elf:3    | Identified the ring "Joanano" {Wiz rF+ rC+} (You took it off a deep elf demonologist on level 3 of the Elven Halls)
 35112 | Elf:3    | Received a gift from Trog
 35112 | Elf:3    | Reached skill level 10 in Evocations
 35169 | Elf:3    | Identified the Volume of Confrontation and Snow
 35214 | Elf:3    | Received a gift from Trog
 35375 | Elf:3    | Identified the Papyrus of the Peculiar Realms
 35425 | Elf:3    | Got a warped mace
 35430 | Elf:3    | Identified the +1 mace "Ultimatum" {vamp, rPois Int+3 Dex-3} (You found it on level 3 of the Elven Halls)
 35750 | Elf:3    | Received a gift from Trog
 35819 | Elf:3    | Noticed Aizul
 35843 | Elf:3    | Killed Aizul
 36316 | Lair:1   | Lost mutation: You occasionally shout uncontrollably at your foes. [potion of cure mutation]
 36316 | Lair:1   | Lost mutation: Potions and wands are less effective at restoring your health. [potion of cure mutation]
 36316 | Lair:1   | Lost mutation: You expend magic power (3 MP) to strengthen your wands. [potion of cure mutation]
 36316 | Lair:1   | Lost mutation: Your natural rate of healing is unusually fast. [potion of cure mutation]
 36320 | Lair:1   | Identified 3 scrolls of acquirement
 36324 | Lair:1   | Got a bloodstained cloak
 36326 | Lair:1   | Got a dazzling cloak
 36337 | Lair:1   | Identified the +0 cloak "Jatoanio" {Dex+4 Stlth+} (You acquired it on level 1 of the Lair of Beasts)
 36348 | Lair:1   | Identified the +0 cloak of the Elven Halls {+Inv} (You acquired it on level 1 of the Lair of Beasts)
 37825 | D:13     | Reached skill level 1 in Shields
 37871 | D:14     | Found a gate to the Vaults.
 37871 | D:14     | Noticed Rupert
 37871 | D:14     | Noticed Donald
 37885 | D:14     | Killed Rupert
 37890 | D:14     | Killed Donald
 37897 | D:14     | Received a gift from Trog
 38035 | D:14     | Found a white marble altar of Elyvilon.
 38399 | D:14     | Identified the Volume of Supportive Arcane Weapons
 38613 | D:15     | Entered Level 15 of the Dungeon
 38645 | D:15     | Paralysed by a wasp for 2 turns
 38726 | D:15     | Found Firiop's General Store.
 38731 | D:15     | Found a basalt altar of Yredelemnul.
 38761 | D:15     | Bought a scroll of teleportation for 39 gold pieces
 38804 | D:15     | Received a gift from Trog
 39027 | D:15     | Found a staircase to the Depths.
 39039 | D:15     | Received a gift from Trog
 39308 | Depths:1 | Entered Level 1 of the Depths
 39705 | Depths:1 | Identified a +2 rod of clouds (12/12) (You took it off a deep elf demonologist on level 3 of the Elven Halls)
 39767 | Depths:1 | Reached XP level 20. HP: 214/234 MP: 24/27
 39908 | Depths:1 | Found a gateway to Hell.
 39950 | Depths:1 | Found a gateway to a ziggurat.
 39974 | Depths:1 | Reached skill level 5 in Shields
 40510 | Depths:2 | Reached skill level 15 in Dodging
 40527 | Depths:2 | Received a gift from Trog
 40876 | Depths:2 | Found a one-way gate to the infinite horrors of the Abyss.
 41309 | Hell     | Entered the Vestibule of Hell
 41720 | Shoals:1 | Entered Level 1 of the Shoals
 42423 | Shoals:2 | Received a gift from Trog
 43025 | Shoals:2 | Received a gift from Trog
 43368 | Shoals:3 | Noticed Louise
 43370 | Shoals:3 | Noticed Polyphemus
 43405 | Shoals:3 | Killed Polyphemus
 43418 | Shoals:3 | Killed Louise
 43579 | Shoals:3 | Received a gift from Trog
 43652 | Shoals:4 | Entered Level 4 of the Shoals
 43788 | Shoals:4 | Received a gift from Trog
 43959 | Shoals:4 | Reached XP level 21. HP: 124/241 MP: 7/28
 44009 | Shoals:4 | Got a sparkling marble ring
 44011 | Shoals:4 | Identified the ring "Yfirefat" {rElec MR+ Str-4 Slay+4} (You found it on level 4 of the Shoals)
 44101 | Shoals:4 | Noticed Ilsuiw
 44119 | Shoals:4 | Killed Ilsuiw
 44739 | Shoals:4 | Identified the Catalogue of Ghastly Attacks (You found it on level 4 of the Shoals)
 45028 | Shoals:4 | Received a gift from Trog
 45058 | Shoals:4 | Got a barnacled rune of Zot
 45482 | Vaults:1 | Entered Level 1 of the Vaults
 45637 | Vaults:1 | Received a gift from Trog
 45727 | Vaults:1 | Found a radiant altar of Vehumet.
 45753 | Vaults:1 | Got an ancient robe
 45756 | Vaults:1 | Got a polished hat
 45767 | Vaults:1 | Identified the cursed +1 robe of Spite {Slay+3} (You found it on level 1 of the Vaults)
 45777 | Vaults:1 | Identified the cursed -4 hat "Xilatt" {*Contam +Inv rPois} (You found it on level 1 of the Vaults)
 45941 | D:11     | Gained mutation: Your magical capacity is low (-10% MP). [mutagenic glow]
 46055 | Vaults:1 | Got a transparent hat
 46066 | Vaults:1 | Identified the +0 hat of Proximity {rF+ MR+} (You found it on level 1 of the Vaults)
 46200 | Vaults:1 | Found Yhinempi's Armour Boutique.
 46273 | Vaults:1 | Found Emiwien's Jewellery Boutique.
 46624 | Vaults:1 | Received a gift from Trog
 46711 | Vaults:1 | Found Kaeves's Assorted Antiques.
 46722 | Vaults:1 | Bought a fuming black potion for 39 gold pieces
 46722 | Vaults:1 | Gained mutation: You can spit weak poison. [potion of beneficial mutation]
 46967 | Vaults:1 | Found Hyphid's Magic Scroll Boutique.
 47172 | Vaults:2 | Received a gift from Trog
 47568 | Vaults:2 | Found a staircase to the Crypt.
 47597 | Vaults:2 | Received a gift from Trog
 47702 | Vaults:2 | Received a gift from Trog
 48027 | Vaults:2 | Reached XP level 22. HP: 211/257 MP: 23/27
 48434 | Vaults:2 | Reached skill level 10 in Shields
 48989 | Vaults:3 | Received a gift from Trog
 49047 | Vaults:3 | Paralysed by a giant eyeball for 4 turns
 49294 | Vaults:3 | Found Kaaklyc's General Store.
 49302 | Vaults:3 | Bought a scroll of summoning for 133 gold pieces
 49889 | Vaults:3 | Received a gift from Trog
 50947 | Vaults:4 | Received a gift from Trog
 51477 | Vaults:4 | Received a gift from Trog
 51699 | Vaults:4 | Received a gift from Trog
 52179 | Vaults:2 | Reached XP level 23. HP: 261/265 MP: 28/28
 52767 | Vaults:5 | Entered Level 5 of the Vaults
 52978 | Vaults:5 | Reached skill level 15 in Shields
 52979 | Vaults:5 | Noticed Sojobo
 53186 | Vaults:4 | Killed Sojobo
 53335 | Vaults:4 | Received a gift from Trog
 53598 | Vaults:5 | Found Konygiaj's Gadget Shoppe.
 53599 | Vaults:5 | Noticed Margery
 53624 | Vaults:5 | Noticed an ancient lich
 53633 | Vaults:5 | Killed an ancient lich
 53967 | Vaults:5 | Received a gift from Trog
 53988 | Vaults:5 | Found Boept's Weapon Shop.
 54045 | Vaults:5 | Received a gift from Trog
 54045 | Vaults:5 | Reached XP level 24. HP: 229/275 MP: 28/28
 54212 | Vaults:5 | Killed Margery
 54212 | Vaults:5 | Received a gift from Trog
 54868 | Vaults:5 | Found Kepnoupp's Distillery.
 54868 | Vaults:5 | Found Vuyhuxt's Distillery.
 54884 | Vaults:5 | Found Siaqyila's Food Shoppe.
 54902 | Vaults:5 | Found Hotuxt's Distillery.
 54902 | Vaults:5 | Found Hemm's Magic Scroll Boutique.
 54939 | Vaults:5 | Found Wuirch's Food Shop.
 54940 | Vaults:5 | Bought a potion of cure mutation for 455 gold pieces
 54954 | Vaults:5 | Found Uroqy's Magic Scroll Boutique.
 54960 | Vaults:5 | Got a silver rune of Zot
 55001 | Vaults:5 | Found Metyacim's Magic Scroll Emporium.
 55009 | Vaults:5 | Bought a scroll of acquirement for 832 gold pieces
 55013 | Vaults:5 | Got an encrusted fire dragon armour
 55026 | Vaults:5 | Identified the +1 fire dragon armour of the Blind Marksman {rF++ rC- Str+2} (You acquired it on level 5 of the Vaults)
 55083 | Vaults:5 | Received a gift from Trog
 55086 | Vaults:5 | Found Culyono's Jewellery Shoppe.
 55973 | Vaults:5 | Bought an uncursed amulet of resist corrosion for 340 gold pieces
 55973 | Vaults:5 | Bought an uncursed amulet of resist mutation for 680 gold pieces
 56618 | Slime:1  | Gained mutation: You are frail (-10% HP). [a shining eye]
 56660 | Slime:1  | Received a gift from Trog
 56673 | Slime:1  | Noticed an azure jelly
 56682 | Slime:1  | Killed an azure jelly
 56712 | Slime:1  | Noticed an acid blob
 56721 | Slime:1  | Killed an acid blob
 57394 | Slime:2  | Received a gift from Trog
 57512 | Slime:1  | Noticed an acid blob
 57512 | Slime:1  | Noticed an azure jelly
 57521 | Slime:2  | Killed an acid blob
 57527 | Slime:2  | Killed an azure jelly
 57783 | Slime:1  | Received a gift from Trog
 58089 | Slime:4  | Reached XP level 25. HP: 199/255 MP: 30/30
 58346 | Slime:4  | Received a gift from Trog
 58622 | Slime:5  | Received a gift from Trog
 59042 | Slime:6  | Entered Level 6 of the Pits of Slime
 59110 | Slime:6  | Received a gift from Trog
 59277 | Slime:6  | Gained mutation: You tend to lose your temper in combat. [a shining eye]
 59657 | Slime:6  | Received a gift from Trog
 60059 | Slime:5  | Received a gift from Trog
 60066 | Slime:5  | HP: 6/255 [acid (13)]
 60070 | Slime:5  | Blown up by an eye of devastation

Vault maps used:
D:1:      dpeg_cavernosity
D:2:      zin_angel
D:3:      nicolae_overflow_quartered_altars
D:4:      minmay_goblin_kobold_castle, first_bread
D:5:      minmay_temple_entry_glassed_door, serial_shops, shop,
          uniq_blork_the_orc
D:6:      bloody_trog, nicolae_overflow_crystal_walls, basic_altar,
          portal_sewer_entry_b
D:7:      serial_shops, nicolae_shop_temple_entry_statues_fountains,
          nicolae_shop_overgrown_old_shop, nicolae_shop_stone, shop, shop,
          kennysheep_big_empty_room, tgw_sif, uniq_joseph
D:8:      minmay_quarter_circles, uniq_pikel
D:10:     grunt_lair_entry_elf_guard_hut, serial_shops, shop_coins
D:11:     orc_0_dummy, serial_shops, nicolae_shop_trees
D:12:     blue_anna_alchemist, minmay_lindwurm_lava, uniq_frances
D:13:     st_stairs_11
D:14:     david_vaults_3, elyvilon_altar_5
D:15:     grunt_enter_depths_snipers, yredelemnul_altar_generic, serial_shops,
          shop_statue
Lair:1:   uniq_grum, uniq_gastronok
Lair:2:   infiniplex_staircase_pool_2
Lair:3:   st_stairs_11
Lair:4:   minmay_shoals_entry_lonely_mermaid
Lair:5:   minmay_snake_entry_guardpost_small, grunt_megastairs_3
Lair:6:   beast_lair_carwin_8
Lair:7:   zaba_antful_of_joy, infiniplex_staircase_pool
Lair:8:   minmay_lair_end_frog_pond, minmay_slime_entry_eyes, lab_entry_generic,
          serial_bayou_ford_a, dpeg_oklob_1, serial_bayou_shore_b
Shoals:1: nicolae_shoals_kraken_intersection
Shoals:3: uniq_louise, uniq_polyphemus
Shoals:4: shoals_end_simple, shoal_ilsuiw
Snake:1:  st_stairs_14, serial_bayou_shore_b, uniq_asterion
Snake:2:  uniq_nikola
Snake:3:  st_stairs_5, uniq_azrael
Snake:4:  minmay_snake_end_coiled, uniq_jorgrun, uniq_vashnia
Orc:2:    basic_altar
Orc:3:    nicolae_orc_pool_cavern, nicolae_orc_tapped_out, uniq_urug
Orc:4:    st_orc_ogre_mass
Elf:1:    special_room, minmay_elf_crystal_heptagon, grunt_megastairs_2,
          uniq_roxanne
Elf:2:    serial_shops, nicolae_shop_statue_plus, uniq_wiglaf
Elf:3:    grunt_elf_hall_diamonds, uniq_aizul
Vaults:1: v_misc_15, vaults_room_hallway, nicolae_vaults_three_branches,
          vaults_mumra_hex, grunt_tower_of_power, v_misc_15, vaults_dpeg_cross,
          nicolae_vaults_circle_grid_a, nicolae_vaults_little_squares_2,
          hangedman_vaults_snaps, ontoclasm_vaults_fault,
          nicolae_vaults_little_squares_4, grunt_vaults_funnel,
          ontoclasm_vaults_loading_screen, vaults_dpeg_ring, serial_shops, shop,
          nicolae_shop_stone, nicolae_shop_waterfront, nicolae_shop_waterfront
Vaults:2: v_misc_17, v_misc_28, grunt_vaults_focal, nicolae_vaults_big_ls,
          hangedman_vaults_stagger, ontoclasm_vaults_decontamination,
          nicolae_vaults_little_squares_5, nicolae_vaults_yaktaur_gun_rack,
          dpeg_vaults_monster_box, vaults_room_pools, dummy_crypt_entry
Vaults:3: nicolae_vaults_little_squares_4, nicolae_vaults_stairing_the_circle,
          v_misc_8, vaults_room_hallway, nicolae_vaults_ring_of_whatevers,
          v_misc_25, vaults_standard_mumra_enter_the_diamond,
          hangedman_vaults_trim, nicolae_vaults_theta, nicolae_vaults_asterisk,
          vaults_dpeg_encased_lava, hangedman_vaults_capsules,
          vaults_room_door_ring, serial_shops, nicolae_shop_stone
Vaults:4: nicolae_vaults_minivaults, nicolae_vaults_ring_of_whatevers,
          nicolae_vaults_alarming, nicolae_vaults_ninety_degrees,
          nicolae_vaults_mini_display_case, v_misc_1, hangedman_vaults_stream,
          v_misc_9, ontoclasm_vaults_shuriken
Vaults:5: serial_shops, uniq_margery, uniq_sojobo
Depths:1: enter_ziggurat_f, hell_entry, nooodl_food_tri, firewood_loft
Depths:2: kennysheep_scales, hangedman_decor_growths, hell_entry,
          hangedman_abyss_entry_splay, serial_bayou_pond_e,
          kennysheep_small_square, minmay_staircase_bubble
Lab:      labyrinth_hidden_loot, labyrinth_glass_1, nicolae_lab_arrow,
          nicolae_lab_swirl, labyrinth_skeletal_remains, nicolae_lab_grate,
          nicolae_lab_quarters, lab_statue, nicolae_lab_statue
Sewer:    sewer_kobolds

Action                   |  1- 3 |  4- 6 |  7- 9 | 10-12 | 13-15 | 16-18 | 19-21 | 22-24 | 25-27 || total
-------------------------+-------+-------+-------+-------+-------+-------+-------+-------+-------++-------
Melee: Mace              |    99 |    38 |       |       |       |       |       |       |       ||   137
       Whip              |       |   107 |   418 |   371 |       |       |       |       |       ||   896
       Demon whip        |       |       |       |   248 |       |       |       |       |       ||   248
       Giant spiked club |       |       |       |    77 |  1133 |   709 |  1129 |   480 |       ||  3528
       Eveningstar       |       |       |       |       |       |       |    32 |   939 |   291 ||  1262
 Fire: Blowgun           |       |       |       |       |     1 |       |       |       |       ||     1
Throw: Large rock        |       |       |       |    21 |   108 |   144 |   207 |   173 |    77 ||   730
       Tomahawk          |       |       |       |    14 |     2 |       |       |       |       ||    16
       Javelin           |       |       |       |     8 |     3 |    78 |       |       |       ||    89
Invok: Berserk           |     2 |     2 |     3 |     8 |     4 |     1 |     1 |     2 |       ||    23
       Burn Spellbooks   |       |     1 |       |     1 |     1 |     2 |     5 |       |       ||    10
       Brothers in Arms  |       |       |       |     3 |     5 |    14 |     7 |    14 |     5 ||    48
       Trog's Hand       |       |       |       |     2 |     3 |     3 |     2 |     3 |       ||    13
 Abil: Evoke Flight      |       |       |     1 |     1 |       |       |       |       |       ||     2
Evoke: Wand              |       |       |       |     2 |     4 |     7 |     3 |    11 |     1 ||    28
       Box of beasts     |       |       |       |       |       |       |     7 |       |       ||     7
       Sack of spiders   |       |       |       |       |       |       |     3 |       |       ||     3
       Phial of floods   |       |       |       |       |       |       |     2 |     5 |       ||     7
       Phantom mirror    |       |       |       |       |       |       |     1 |       |       ||     1
       Stone of tremors  |       |       |       |       |       |       |       |     2 |       ||     2
       Lamp of fire      |       |       |       |       |       |       |       |     2 |       ||     2
  Use: Scroll            |       |     9 |     7 |     7 |    15 |    11 |    16 |    19 |     1 ||    85
       Potion            |       |       |       |     5 |       |     6 |    10 |     6 |     4 ||    31
 Stab: Sleeping          |     2 |       |     1 |     1 |     5 |       |     7 |       |       ||    16
       Confused          |       |       |       |     1 |       |       |       |       |       ||     1
       Distracted        |       |       |       |       |     1 |       |     1 |     2 |       ||     4
       Invisible         |       |       |       |       |       |       |    16 |       |       ||    16
       Petrified         |       |       |       |       |       |       |     1 |       |       ||     1
  Eat: Bread ration      |     1 |       |       |       |     2 |     4 |     2 |     5 |     1 ||    15
       Chunk             |       |     7 |    17 |    21 |    30 |    11 |    34 |     9 |       ||   129
       Fruit             |       |     1 |       |     9 |     2 |     5 |     3 |     3 |       ||    23
       Pizza             |       |       |     1 |     1 |     1 |     1 |     2 |       |       ||     6
       Beef jerky        |       |       |       |     1 |     6 |     2 |     4 |       |       ||    13
       Royal jelly       |       |       |       |     1 |     1 |       |       |       |       ||     2
       Meat ration       |       |       |       |       |       |       |     1 |     2 |       ||     3
